 Dungeon Crawl Stone Soup version 0.31.0-9-g3a7656b989 (webtiles) character file.

Game seed: 18073986480472211546

257 Arctor the Shooter (level 6, -1/36 HPs)
             Began as a Kobold Hexslinger on Jan 25, 2024.
             Was an Initiate of Okawaru.
             Killed by divine providence
             ... invoked by an orc priest
              (15 damage)
             ... on level 3 of the Dungeon.
             The game lasted 00:03:20 (2229 turns).

Arctor the Shooter (Kobold Hexslinger)              Turns: 2229, Time: 00:03:20

Health: -1/36      AC:  3    Str:  6    XL:     6   Next: 39%
Magic:  7/9        EV: 16    Int: 14    God:    Okawaru [......]
Gold:   131        SH:  0    Dex: 19    Spells: 6/9 levels left

rFire   . . .        a - +1 sling
rCold   . . .        (no shield)
rNeg    . . .        c - +1 robe
rPois   .            (no helmet)
rElec   .            (no cloak)
rCorr   .            (no gloves)
SInv    .            (no boots)
Will    .....        (no amulet)
Stlth   +++          (no ring)
HPRegen 0.26/turn    (no ring)
MPRegen 0.11/turn

%: no passive effects
@: weak-willed, slowed, very slow
A: small, no large weapons, nightstalker 3
a: Renounce Religion


You were on level 3 of the Dungeon.
You worshipped Okawaru.
Okawaru was noncommittal.
You visited 1 branch of the dungeon, and saw 3 of its levels.

You collected 131 gold pieces.

Inventory:

Hand Weapons
 a - a +1 sling (weapon)
Missiles
 d - a throwing net
Armour
 c - a +1 robe (worn)
Jewellery
 i - a ring of protection from fire
Scrolls
 b - a scroll of poison
 e - 2 scrolls of identify
 f - a scroll of fear {unknown}
 h - 2 scrolls of fog
 j - a scroll of enchant armour
Potions
 g - a potion of might


   Skills:
 + Level 2.7 Fighting
 + Level 4.2 Ranged Weapons
 + Level 3.7 Dodging
 + Level 2.4 Spellcasting
 + Level 3.8 Hexes
 - Level 1.4 Fire Magic
 + Level 1.7 Earth Magic


You had 6 spell levels left.
You knew the following spells:

 Your Spells              Type           Power      Damage    Failure   Level
a - Jinxbite              Hex            24%        N/A       7%          2
b - Sandblast             Erth           12%        2d6       11%         1

Your spell library contained the following spells:

 Spells                   Type           Power      Damage    Failure   Level
 Sigil of Binding         Hex            12%        N/A       14%         3
 Inner Flame              Hex/Fire       9%         N/A       22%         3
 Passwall                 Erth           6%         N/A       32%         3
 Stone Arrow              Conj/Erth      8%         3d7       43%         3
 Cause Fear               Hex            6%         N/A       43%         4
 Frozen Ramparts          Ice            2%         1d1       56%         3
 Dimensional Bullseye     Hex/Tloc       3%         N/A       71%         4
 Brom's Barrelling Bould  Conj/Erth      4%         2d3       85%         4
 Leda's Liquefaction      Alch/Erth      2%         N/A       85%         4
 Petrify                  Alch/Erth      4%         N/A       85%         4
 Metabolic Englaciation   Hex/Ice        3%         N/A       96%         5


Dungeon Overview and Level Annotations

Branches:
Dungeon (3/15)

Altars:
Okawaru


Innate Abilities, Weirdness & Mutations

You are small and have problems with some larger weapons.
You are completely attuned to the shadows.


Message History

Casting: Jinxbite (safe; 8% risk of failure)
Confirm with . or Enter, or press ? or * to list all spells.
You beckon some vexing sprites to accompany your attacks.
You feel your willpower being sapped. Natasha barely misses you.
You shoot a sling bullet.
The sling bullet hits Natasha but does no damage.
Natasha is severely wounded.
Natasha claws you but does no damage. Natasha casts a spell at you.
You feel yourself slow down.
You shoot a sling bullet. The sling bullet hits Natasha.
Natasha is severely wounded.
The orc priest looks encouraged for a moment.
Natasha misses you.
You shoot a sling bullet.
The sling bullet hits Natasha but does no damage.
Natasha is severely wounded.
Natasha casts a spell at you. You resist with significant effort.
Natasha misses you.
You shoot a sling bullet. The sling bullet barely misses Natasha.
Natasha closely misses you.
Natasha mumbles some strange words.
You shoot a sling bullet. The sling bullet hits Natasha.
Natasha is almost dead.
Natasha misses you. The cerulean imp misses you.
Natasha stares at you and mumbles some strange words.
The magic dart hits you.
You shoot a sling bullet.
The sling bullet closely misses Natasha.
A giggling sprite leaps out and smacks Natasha with her own front paw.
You kill Natasha!
Okawaru accepts your kill.
Natasha yowls pathetically as she dies!
The cerulean imp disappears in a puff of smoke!
The jinxing sprites lose interest in you.
The orc priest mumbles some strange prayers to Beogh against you.
Beogh smites you!
The orc priest calls down the wrath of Beogh upon you.
Beogh smites you!
You die...

......## #.##.# #..>##.#####....
......# #.##.# #...##...###....
....### #.##.# #...####...####.
....######....# #...# ###...###
..........).# ##..## ###.###
###.#####..######...#########....
##.............§.................
#........#######...........##....
.........# #@#########..#.###
.........# #...... ##.#.#
#.)......# #o.~... #.#.# #.....
........ #...# ..#### #.#......
o.⌠#..## ### #........ ..$#.## #
..##.# .# #.#


You could see an orc priest.

Vanquished Creatures
  Jessica (D:2)
  Natasha (D:3)
  Terence (D:2)
  An orc wizard (D:2)
  4 gnolls
  5 adders
  2 dart slugs (D:2)
  2 ribbon worms (D:2)
  5 orcs
  2 endoplasms
  5 giant cockroaches (D:1)
  2 goblins (D:2)
  7 hobgoblins
  2 jackals (D:2)
  2 quokkas
  6 ball pythons
  3 bats
  4 frilled lizards
  5 kobolds
  9 rats
69 creatures vanquished.

Notes
Turn   | Place    | Note
-------+----------+-------------------------------------------
     0 | D:1      | Arctor the Kobold Hexslinger began the quest for the Orb.
     0 | D:1      | Reached XP level 1. HP: 12/12 MP: 2/2
   114 | D:1      | Reached XP level 2. HP: 16/16 MP: 3/3
   169 | D:1      | Learned a level 2 spell: Jinxbite
   198 | D:1      | Found a faded altar of an unknown god.
   404 | D:1      | Reached skill level 3 in Ranged Weapons
   614 | D:2      | Reached XP level 3. HP: 13/20 MP: 2/5
   675 | D:2      | Learned a level 1 spell: Sandblast
   701 | D:2      | Noticed Terence
   707 | D:2      | Killed Terence
   708 | D:2      | Reached XP level 4. HP: 22/26 MP: 3/6
  1223 | D:2      | Noticed Jessica
  1244 | D:2      | Killed Jessica
  1245 | D:2      | Reached skill level 1 in Earth Magic
  1245 | D:2      | Reached XP level 5. HP: 4/30 MP: 5/8
  1563 | D:2      | HP: 1/30 [something (1)]
  1697 | D:3      | Reached XP level 6. HP: 36/36 MP: 9/9
  1752 | D:3      | Reached skill level 4 in Ranged Weapons
  1845 | D:3      | Found an iron altar of Okawaru.
  1937 | D:3      | Became a worshipper of Warmaster Okawaru
  2209 | D:3      | Noticed Natasha
  2228 | D:3      | Killed Natasha
  2229 | D:3      | Killed from afar by an orc priest

Illustrated notes

Levels and vault maps discovered:
D:1:      spicycebolla_arrival_xxxplode, layout_rooms,
          hellmonk_ecumenical_altar_defaced_shrine, hangedman_decor_slide_cut
D:2:      layout_basic, kennysheep_jessica_study, uniq_jessica, uniq_terence
D:3:      cheibrodos_pilgrimage, layout_rooms, nicolae_overflow_crystal_walls,
          serial_curves, eino_curves_04, eino_curves_03, uniq_natasha

Skill      XL: |  1  2  3  4  5  6 |
---------------+-------------------+-----
Ranged Weapons | 3 4 |  4.2
Dodging        | 3 |  3.7
Fighting       | 2 |  2.7
Spellcasting   | 2 |  2.4
Earth Magic    | 1 |  1.7
Hexes          | |  3.8
Fire Magic     | |  1.4

Action                     |  1- 3 |  4- 6 || total
---------------------------+-------+-------++-------
   Fire: Sling             |    62 |   189 ||   251
   Cast: Jinxbite          |     2 |     8 ||    10
    Use: Scroll            |     1 |     2 ||     3
         Potion            |       |     3 ||     3
 Armour: Robe              |    19 |    74 ||    93
  Dodge: Dodged            |    50 |   140 ||   190
